 Dungeon Crawl Stone Soup version 0.30.0-10-gfe55d96785 (webtiles) character file.

Game seed: 241841680141529362

74 Strat the Shooter (level 4, -7/38 HPs)
             Began as a Meteoran Hunter on May 16, 2023.
             Mangled by Terence
             ... wielding a +0 flail
              (10 damage)
             ... on level 3 of the Dungeon.
             The game lasted 00:04:41 (979 turns).

Strat the Shooter (Meteoran Hunter)                  Turns: 979, Time: 00:04:42

Health: -7/38      AC:  4    Str: 12    XL:     4   Next: 82%
Magic:  5/5        EV: 13    Int: 10    God:
Gold:   134        SH:  0    Dex: 20    Spells: 3/3 levels left

rFire   . . .        a - +0 shortbow
rCold   . . .        (shield currently unavailable)
rNeg    . . .        c - +0 leather armour
rPois   .            (no helmet)
rElec   .            (no cloak)
rCorr   .            (no gloves)
SInv    .            h - +0 pair of boots
Will    .....        (no amulet)
Stlth   +            (no ring)
HPRegen 0.26/turn    (no ring)
MPRegen 0.09/turn

%: no passive effects
@: glowing
A: sense surroundings 1, otherworldly, glowing, explore regen
a: no special abilities


You were on level 3 of the Dungeon.
You visited 1 branch of the dungeon, and saw 3 of its levels.

You collected 134 gold pieces.

Inventory:

Hand Weapons
 a - a +0 shortbow (weapon)
Armour
 c - a +0 leather armour (worn)
 h - a +0 pair of boots (worn)
Scrolls
 b - a scroll of immolation
 f - a scroll of magic mapping {unknown}
 g - a scroll of summoning {unknown}
 l - 2 scrolls of enchant weapon {unknown}
 m - a scroll of noise {unknown}
 n - a scroll of brand weapon {unknown}
 o - a scroll of poison {unknown}
Potions
 d - 3 potions of invisibility {unknown}
 e - 2 potions of mutation {unknown}
 i - a potion of resistance {unknown}
 j - a potion of heal wounds {unknown}
 k - a potion of cancellation {unknown}


   Skills:
 + Level 3.0 Fighting
 * Level 5.4 Ranged Weapons
 + Level 3.3 Dodging
 - Level 0.6 Stealth


You had 3 spell levels left.
You didn't know any spells.
Your spell library contained the following spells:

 Spells                   Type           Power      Damage    Failure   Level
 Frozen Ramparts          Ice            0%         1d1       82%         3
 Gell's Gravitas          Tloc           0%         N/A       82%         3
 Summon Guardian Golem    Hex/Summ       0%         N/A       82%         3
 Teleport Other           Tloc           0%         N/A       82%         3
 Ice Form                 Ice/Tmut       0%         N/A       99%         4
 Summon Ice Beast         Ice/Summ       0%         N/A       99%         4
 Dispersal                Tloc           0%         N/A       100%        6
 Orb of Destruction       Conj           0%         9d5       100%        7
 Spellforged Servitor     Conj/Summ      0%         N/A       100%        7


Dungeon Overview and Level Annotations

Branches:
Dungeon (3/15) Zot: 780

Altars:

Annotations:
D:3 Terence


Innate Abilities, Weirdness & Mutations

You passively map a small area around you.
You are easily found by Zot.
You glow in the dark.
You regain HP and MP as you explore.


Message History

You are too injured to fight recklessly!
You are too injured to fight recklessly!
You are too injured to fight recklessly!
You are too injured to fight recklessly!
Fire: a) +0 shortbow
Press: ? - help, Q - select action Shift-Dir - straight line, f/p - Terence
Aim: Terence, wielding a +0 flail and wearing a +0 chain mail (heavily wounded, 72% to hit)
You shoot an arrow. The arrow hits Terence.
Terence is severely wounded.
Terence hits you with a +0 flail!
* * * LOW HITPOINT WARNING * * *
Fire: a) +0 shortbow
Press: ? - help, Q - select action Shift-Dir - straight line, f/p - Terence
Aim: Terence, wielding a +0 flail and wearing a +0 chain mail (severely wounded, 72% to hit)
You shoot an arrow. The arrow closely misses Terence.
Terence hits you with a +0 flail.
* * * LOW HITPOINT WARNING * * *
Terence hits you with a +0 flail.
* * * LOW HITPOINT WARNING * * *
Fire: a) +0 shortbow
Press: ? - help, Q - select action Shift-Dir - straight line, f/p - Terence
Aim: Terence, wielding a +0 flail and wearing a +0 chain mail (severely wounded, 72% to hit)
You shoot an arrow. The arrow barely misses Terence.
Terence hits you with a +0 flail.
* * * LOW HITPOINT WARNING * * *
Fire: a) +0 shortbow
Press: ? - help, Q - select action Shift-Dir - straight line, f/p - Terence
Aim: Terence, wielding a +0 flail and wearing a +0 chain mail (severely wounded, 72% to hit)
You shoot an arrow.
The arrow hits Terence but does no damage.
Terence is severely wounded.
Terence misses you.
Fire: a) +0 shortbow
Press: ? - help, Q - select action Shift-Dir - straight line, f/p - Terence
Aim: Terence, wielding a +0 flail and wearing a +0 chain mail (severely wounded, 72% to hit)
You shoot an arrow.
The arrow hits Terence but does no damage.
Terence is severely wounded.
Terence hits you with a +0 flail!
You die...

#.......#
#.......#
#....########
* #....#
#....# #....#
....# *
#.##### ,...,
, #.# #.#
*#'# ** *
#.###.####.#
#.@@.......#
, ,
############
, ,,, , *, *
** * * * ,, *
* * * , * *


You could see Terence.

Vanquished Creatures
  2 adders (D:3)
  2 worms
  A dart slug (D:1)
  4 endoplasms
  12 goblins (D:3)
  3 hobgoblins
  3 quokkas (D:1)
  6 ball pythons
  2 frilled lizards (D:2)
  6 kobolds
  4 rats
45 creatures vanquished.

Notes
Turn   | Place    | Note
-------+----------+-------------------------------------------
     0 | D:1      | Strat the Meteoran Hunter began the quest for the Orb.
     0 | D:1      | Reached XP level 1. HP: 17/17 MP: 2/2
    80 | D:1      | Reached XP level 2. HP: 24/25 MP: 3/3
   356 | D:1      | Reached XP level 3. HP: 25/30 MP: 4/4
   572 | D:2      | Reached skill level 5 in Ranged Weapons
   748 | D:3      | Reached XP level 4. HP: 37/37 MP: 5/5
   960 | D:3      | Noticed Terence
   979 | D:3      | Mangled by Terence

Illustrated notes

Levels and vault maps discovered:
D:1:      dpeg_arrival_radiant, layout_basic
D:2:      layout_loops_ring
D:3:      layout_basic, uniq_robin, uniq_terence, uniq_grinder

Skill      XL: |  1  2  3  4 |
---------------+-------------+-----
Ranged Weapons | 5 |  5.4
Dodging        | 3 |  3.3
Fighting       | 3 |  3.0
Stealth        | |  0.6

Action                     |  1- 3 |  4- 6 || total
---------------------------+-------+-------++-------
   Fire: Shortbow          |    81 |    56 ||   137
 Armour: Leather armour    |    15 |    14 ||    29
  Dodge: Dodged            |    36 |    21 ||    57
